AoeStats
← 从不压堡之人

Fortress

508898699Analyzed
4v4 RM · 7d ago on Sep 24, 2026· 44m 48s· 8 players
Game mode
Random Map
Map size
Huge
Population
200
Speed
Normal
Resources
Standard
Victory
Conquest
Starting age
Dark Age
Ending age
Imperial Age
RankedLock teamsTeams togetherTeam positionsShared explorationLock speedFull tech treeHidden civsTurbo modeCheats
Victory
Defeat
🇨🇳 Bohemians · China
1089
+11
🇨🇳 Spanish · China
1060
+12
991
+15
988
+15
🇹🇼 Bohemians · Taiwan
1263
-24
🇹🇼 Spanish · Taiwan
951
-18
🇹🇼 Persians · Taiwan
857
-10
🇬🇧 Danes · United Kingdom
840
-8
一袋米要扛幾樓
7:54 Feudal Age
9:11 Double-Bit Axe
13:55 Castle Age
12:03 Horse Collar
15:00 Bow Saw
17:22 Gold Mining
22:23 Wheelbarrow
24:14 Heavy Plow
24:10 Stone Mining
26:03 Caravan
28:38 Imperial Age
29:47 Elite Conquistador
30:49 Conscription
30:32 Husbandry
30:42 Bloodlines
30:43 Padded Archer Armor
32:07 Hand Cart
32:34 Stone Shaft Mining
35:18 Chemistry
34:16 Murder Holes
41:29 Devotion
42:00 Illumination
42:17 Theocracy
44:56 Herbal Medicine
tim20004255
6:47 Loom
9:34 Feudal Age
13:40 Castle Age
14:32 Double-Bit Axe
16:08 Wheelbarrow
16:04 Husbandry
16:26 Horse Collar
17:02 Bow Saw
24:22 Bloodlines
24:55 Forging
24:52 Scale Barding Armor
25:19 Gold Mining
28:29 Caravan
30:59 Gold Shaft Mining
30:52 Chain Barding Armor
33:06 Iron Casting
37:42 Imperial Age
36:01 Coinage
37:27 Cavalier
39:40 Banking
jonathankclin
7:03 Feudal Age
11:04 Castle Age
9:14 Double-Bit Axe
10:19 Scale Barding Armor
10:16 Scale Mail Armor
10:39 Forging
13:06 Iron Casting
13:18 Bow Saw
19:25 Iron Casting
20:31 Wheelbarrow
20:27 Chain Mail Armor
20:30 Gold Mining
21:03 Arson
22:20 Horse Collar
24:22 Squires
31:29 Imperial Age
29:26 Hand Cart
30:15 Heavy Plow
30:27 Loom
33:11 Blast Furnace
32:41 Plate Mail Armor
32:14 Elite Varangian Guard
45:15 Redemption
JessePinkman
6:48 Feudal Age
11:08 Castle Age
9:34 Double-Bit Axe
11:04 Horse Collar
14:11 Bow Saw
25:03 Loom
26:28 Wheelbarrow
25:39 Town Watch
26:38 Heavy Plow
32:05 Imperial Age
31:32 Caravan
33:00 Chemistry
34:41 Town Patrol
34:57 Hand Cart
37:00 Houfnice
41:30 Padded Archer Armor
42:15 Siege Engineers
从不压堡之人
6:27 Feudal Age
10:39 Castle Age
9:26 Double-Bit Axe
9:22 Horse Collar
11:35 Town Watch
14:42 Wheelbarrow
18:46 Loom
20:09 Caravan
21:24 Town Watch
27:19 Imperial Age
24:50 Fletching
25:06 Gold Mining
25:08 Stone Mining
25:47 Heavy Plow
26:24 Hand Cart
26:37 Ballistics
26:13 Bodkin Arrow
27:25 Guard Tower
27:47 Murder Holes
28:02 Masonry
28:01 Scale Barding Armor
28:21 Inquisition
28:57 Theocracy
28:37 Block Printing
28:48 Illumination
28:43 Sanctity
28:33 Fervor
29:09 Stone Shaft Mining
29:31 Sanctity
29:21 Fervor
29:21 Redemption
29:28 Husbandry
29:38 Bloodlines
29:30 Bracer
29:50 Chain Barding Armor
30:40 Chemistry
31:13 Chain Barding Armor
30:54 Padded Archer Armor
31:08 Town Patrol
31:29 Conscription
31:22 Guilds
31:48 Arrowslits
32:39 Keep
33:13 Architecture
33:24 Fortified Wall
33:28 Bow Saw
34:27 Light Cavalry
37:58 Devotion
43:20 Cavalier
44:37 Plate Barding Armor
44:13 Forging
43:57 Capped Ram
洗心革面重新做人TownYan
5:16 Loom
7:42 Feudal Age
8:13 Double-Bit Axe
11:08 Castle Age
9:28 Horse Collar
12:25 Wheelbarrow
18:19 Loom
23:03 Fletching
28:29 Hand Cart
28:30 Bow Saw
28:43 Heavy Plow
32:26 Imperial Age
30:14 Town Watch
30:37 Scale Barding Armor
31:10 Forging
31:35 Gold Mining
32:36 Chain Barding Armor
33:07 Conscription
32:55 Elite War Elephant
34:37 Plate Barding Armor
34:50 Hoardings
34:29 Masonry
35:25 Gold Shaft Mining
35:58 Caravan
36:59 Iron Casting
38:40 Blast Furnace
39:23 Guilds
41:00 Two-Man Saw
40:42 Crop Rotation
40:45 Bodkin Arrow
41:23 Architecture
41:54 Chemistry
41:15 Ballistics
41:04 Town Patrol
44:10 Husbandry
44:20 Bloodlines
45:13 Citadels
44:34 Sappers
45:05 Scale Mail Armor
45:05 Padded Archer Armor
45:05 Murder Holes
我怕你审判长?
7:37 Feudal Age
11:12 Castle Age
13:08 Double-Bit Axe
19:22 Wheelbarrow
19:26 Stone Mining
19:26 Gold Mining
20:05 Horse Collar
20:43 Bow Saw
21:39 Caravan
23:03 Scale Barding Armor
23:08 Forging
23:02 Husbandry
23:12 Bloodlines
24:40 Bloodlines
26:19 Chain Barding Armor
29:50 Imperial Age
28:22 Loom
29:52 Gold Shaft Mining
29:52 Stone Shaft Mining
29:54 Iron Casting
31:34 Two-Man Saw
30:00 Heavy Camel Rider
31:04 Conscription
30:49 Grand Trunk Road
32:01 Chemistry
32:05 Plate Barding Armor
32:31 Blast Furnace
31:49 Fletching
32:08 Shatagni
32:59 Coinage
33:25 Heavy Plow
33:34 Imperial Camel Rider
35:46 Siege Engineers
37:38 Bodkin Arrow
38:30 Ballistics
38:51 Hoardings
38:54 Banking
39:20 Bracer
39:33 Masonry
40:13 Padded Archer Armor
LLK是给
6:21 Feudal Age
6:47 Double-Bit Axe
6:43 Horse Collar
15:17 Castle Age
18:17 Bow Saw
18:24 Loom
19:14 Wheelbarrow
19:07 Caravan
19:03 Town Watch
19:44 Heavy Plow
23:12 Hand Cart
26:53 Imperial Age
24:49 Fletching
26:20 Chemistry
27:49 Siege Engineers
28:11 Conscription
27:12 Elite Hussite Wagon
28:42 Fervor
28:53 Sanctity
28:58 Guilds
29:18 Coinage
29:25 Bombard Tower
29:14 Bodkin Arrow
30:38 Two-Man Saw
30:17 Padded Archer Armor
31:06 Fortified Wall
31:56 Banking
31:48 Leather Archer Armor
31:59 Masonry
32:02 Careening
31:56 Murder Holes
33:28 Ballistics
32:59 Guard Tower
33:56 Ring Archer Armor
34:40 Bracer
35:17 Arrowslits
36:08 Keep
36:05 Architecture
37:01 Houfnice
41:27 Wagenburg Tactics
42:28 Scale Barding Armor
42:33 Forging
42:23 Scale Mail Armor
42:33 Forging
41:46 Man-at-Arms
42:26 Squires
41:47 Pikeman
42:12 Arson
Connection lost

Rejoining the realm…

Still unreachable

The connection could not be restored.

Session expired

The server has moved on; the page needs a fresh start.